 Dungeon Crawl Stone Soup version 0.25-a0-426-g7d9e569eea (webtiles) character file.

Game seed: 9043631219690678910, levelgen mode: deterministic

43 kae the Changer (level 3, 0/28 HPs)
             Began as a Draconian Transmuter on Jan 24, 2020.
             Slain by Terence
             ... wielding a +2 trident of freezing
              (2 damage)
             ... on level 2 of the Dungeon.
             The game lasted 00:01:16 (1815 turns).

kae the Changer (Draconian Transmuter)              Turns: 1815, Time: 00:01:17

Health: 0/28       AC:  2    Str: 12    XL:     3   Next: 37%
Magic:  4/6        EV: 19    Int: 13    God:
Gold:   16         SH:  0    Dex: 17    Spells: 1/7 levels left

rFire    . . .     SeeInvis .     - Unarmed
rCold    . . .     Gourm    .   (shield currently unavailable)
rNeg     . . .     Faith    .   (armour unavailable)
rPois    x         Spirit   .   (helmet currently unavailable)
rElec    .         Reflect  .   (cloak currently unavailable)
rCorr    .         Harm     .   (gloves currently unavailable)
MR       .....                  (boots currently unavailable)
Stlth    ++........             (no amulet)
HPRegen  0.09/turn              (no ring)
MPRegen  0.10/turn              (no ring)

@: spider-form (expiring)
A: tiny, unfitting armour, AC +5
a: End Transformation


You were on level 2 of the Dungeon.
You were not hungry.
You were a venomous arachnid creature.
You visited 1 branch of the dungeon, and saw 2 of its levels.

You collected 16 gold pieces.

Inventory:

Hand Weapons
 h - a +0 spear (melded)
Missiles
 a - 12 arrows
Scrolls
 b - 2 scrolls of remove curse {unknown}
 f - a scroll of identify {unknown}
 g - a scroll of immolation {unknown}
 j - a scroll of fog {unknown}
Potions
 d - a potion of curing {unknown}
 e - a potion of magic {unknown}
 i - a potion of invisibility {unknown}


   Skills:
 - Level 1.1 Fighting
 - Level 1.7 Dodging
 - Level 3.0 Unarmed Combat
 + Level 2.5 Spellcasting
 * Level 3.3 Transmutations


You had one spell level left.
You knew the following spells:

 Your Spells              Type           Power        Failure   Level  Hunger
a - Beastly Appendage     Tmut           ##....       17%         1    #......
b - Sticks to Snakes      Tmut           ##......     22%         2    ###....
c - Spider Form           Tmut/Pois      #.........   58%         3    ###....

Your spell library contained the following spells:

 Spells                   Type           Power        Failure   Level  Hunger
 Ice Form                 Ice/Tmut       #.......     90%         4    #####..
 Blade Hands              Tmut           ##........   95%         5    ######.


Dungeon Overview and Level Annotations

Branches:
Dungeon (2/15)

Altars:

Annotations:
D:2 Terence


Innate Abilities, Weirdness & Mutations

((Your plain brown scales are hard. (AC +5)))
You cannot fit into any form of body armour.
((You are cold-blooded and may be slowed by cold attacks.))


Message History

Terence is lightly wounded.
Terence hits you with a +2 trident of freezing.
* * * LOW HITPOINT WARNING * * *
Terence freezes you.
* * * LOW HITPOINT WARNING * * *
You hit Terence but do no damage.
Terence looks as sick as possible!
Terence is moderately wounded.
Terence barely misses you.
You hit Terence but do no damage.
Terence is moderately wounded.
Terence misses you.
You hit Terence.
Terence looks as sick as possible!
Terence is severely wounded.
Terence closely misses you.
You hit Terence but do no damage.
Terence is severely wounded.
Terence hits you with a +2 trident of freezing.
* * * LOW HITPOINT WARNING * * *
Terence freezes you.
You die...

#### ##### ..... ###
#...##### .....#
#<.##.(.##.># .....+
#...#...#...# .....#
###.'#...#'.### .....#
#.###.....###.# .....#
##.............# .....#
#.......@......# ....>#
#........s.....#
.....###..###.....#####
.........## +#...#.)##
.........# #...#...#
.........# #...##.<#
.....##### #...#####
.....# ##### ........
#####....


You could see Terence.

Vanquished Creatures
  An adder (D:2)
  A dart slug (D:1)
  A leopard gecko (D:1)
  2 giant cockroaches (D:1)
  5 goblins
  2 hobgoblins (D:1)
  4 kobolds (D:1)
  A quokka (D:2)
  7 bats
  3 frilled lizards (D:1)
  3 rats (D:1)
30 creatures vanquished.

Notes
Turn   | Place    | Note
-------+----------+-------------------------------------------
     0 | D:1      | kae the Draconian Transmuter began the quest for the Orb.
     0 | D:1      | Reached XP level 1. HP: 16/16 MP: 3/3
   202 | D:1      | Reached XP level 2. HP: 15/23 MP: 5/5
   852 | D:1      | Reached XP level 3. HP: 28/28 MP: 6/6
  1027 | D:1      | Learned a level 2 spell: Sticks to Snakes
  1031 | D:1      | Learned a level 3 spell: Spider Form
  1198 | D:2      | Noticed Terence
  1815 | D:2      | Slain by Terence

Levels and vault maps discovered:
D:1:      eino_arrival_cavern_a, layout_loops_cross
D:2:      layout_basic, grunt_ministairs_6, minmay_misc_feat_roman, uniq_terence

Skill      XL: |  1  2 |
---------------+-------+-----
Transmutations | 3 |  3.3
Fighting       | |  1.1
Dodging        | |  1.7
Unarmed Combat | |  3.0
Spellcasting   | |  2.5

Action                   || total
-------------------------++-------
Melee: Unarmed           ||    78
       Kick              ||     6
       Spear             ||    28
       Tailslap          ||     4
       Punch             ||     1
 Cast: Beastly Appendage ||    13
       Spider Form       ||     2
 Stab: Sleeping          ||     2
  Eat: Ration            ||     1
       Chunk             ||     1
Armor: Skin              ||    32
Dodge: Dodged            ||    88

Table legend:
 A = Non-vault XP
 B = Vault XP
 C = Vault XP percentage of total XP
 D = Non-vault monster count
 E = Vault monster count
 F = Vault count percentage of total count
                 A         B        C        D         E       F
            +---------+---------+-------+---------+---------+-------
      Total |      47 |      15 |  24.2 |      28 |       2 |   6.7
            +---------+---------+-------+---------+---------+-------
        D:1 |      44 |       0 |   0.0 |      26 |       0 |   0.0
        D:2 |       3 |      15 |  83.3 |       2 |       2 |  50.0
            +---------+---------+-------+---------+---------+-------
